 Dungeon Sprint DCSS version 0.24-b1-30-g840c9efd86 (webtiles) character file.

Game seed: 14453941757090665739, levelgen mode: deterministic

42130 night the Wrestler (level 14, -12/147 HPs)
             Began as a Naga Transmuter on Oct 25, 2019.
             Was the Champion of Cheibriados.
             Hit by a large rock thrown by a stone giant (37 damage)
             ... in the Dungeon (Sprint IX: "|||||||||||||||||||||||||||||").
             The game lasted 00:26:09 (4679 turns).

night the Wrestler (Naga Transmuter)                Turns: 4679, Time: 00:26:10

Health: -12/147    AC: 15    Str: 32    XL:     14   Next: 18%
Magic:  0/32       EV: 16    Int: 33    God:    Cheibriados [******]
Gold:   623        SH:  0    Dex: 27    Spells: 19/27 levels left

rFire    . . .     SeeInvis +     - Unarmed
rCold    . . .     Gourm    .   (no shield)
rNeg     . . .     Faith    .   w - +4 moon troll leather armour {Spirit, Regen++ MP+5}
rPois    +         Spirit   +   o - +1 helmet
rElec    +         Reflect  .   p - +0 cloak
rCorr    .         Harm     .   (no gloves)
MR       +....     NoTele   +   (no barding)
Stlth    ++++......             (no amulet)
HPRegen  1.14/turn              r - +2 ring of evasion
MPRegen  0.23/turn              u - ring "Luneuw Namesch" {+Inv rElec rPois Int+4 Slay+2}

@: slowed, very slow
A: large, see invisible, deformed body, poison resistance, slowness 2, slow
metabolism 1, spit poison 1, constrict 1, AC +4
a: Spit Poison, Bend Time, Temporal Distortion, Slouch, Step From Time, Renounce
Religion, Evoke Invisibility


You were in the Dungeon.
You worshipped Cheibriados.
Cheibriados was exalted by your worship.
You were very hungry.

You visited 1 branch You collected 1900 gold pieces.
You spent 1277 gold pieces at shops.

Inventory:

Hand Weapons
 b - a +7 longbow
Missiles
 a - 78 arrows
 F - 5 boomerangs (quivered)
Armour
 o - a +1 helmet (worn)
 p - a +0 cloak (worn)
 w - the +4 moon troll leather armour (worn) {Spirit, Regen++ MP+5}
   (You bought it in a shop in the Dungeon)

   It affects your magic capacity (+5).
   It increases your rate of regeneration.
 G - +1 fire dragon scales
Magical Staves
 n - an uncursed staff of energy
Jewellery
 r - a +2 ring of evasion (left hand)
 s - a +3 ring of intelligence
 u - the ring "Luneuw Namesch" (right hand) {+Inv rElec rPois Int+4 Slay+2}
   (You found it in the Dungeon)

   [ring of poison resistance]

   It affects your intelligence (+4).
   It affects your accuracy and damage with ranged weapons and melee attacks
   (+2).
   It insulates you from electricity.
   It protects you from poison.
   It lets you turn invisible.
 y - an uncursed ring of fire
 z - an uncursed ring of fire
 A - an uncursed amulet of the acrobat
 B - an uncursed ring of protection from fire
Wands
 m - a wand of acid (6)
 q - a wand of flame (9)
Scrolls
 j - 3 scrolls of blinking
 k - 8 scrolls of remove curse
 l - 2 scrolls of amnesia
 t - 2 scrolls of fog
 x - a scroll of identify
 D - 2 scrolls of enchant armour
 E - a scroll of fear
Potions
 c - a potion of agility
 e - 5 potions of curing
 f - 7 potions of heal wounds
 g - 2 potions of haste
 h - 2 potions of magic
 i - a potion of invisibility
 C - 3 potions of might
Comestibles
 d - 11 rations


   Skills:
 - Level 15.1 Fighting
 - Level 11.9 Bows
 + Level 4.9 Armour
 + Level 5.3 Dodging
 + Level 5.7 Stealth
 * Level 21.0 Unarmed Combat
 - Level 7.2 Spellcasting
 - Level 12.3 Transmutations
 + Level 18.0 Invocations


You had 19 spell levels left.
You knew the following spells:

 Your Spells              Type           Power        Failure   Level  Hunger
a - Beastly Appendage     Tmut           ######       1%          1    None
b - Blade Hands           Tmut           #######...   1%          5    ####...
c - Sticks to Snakes      Tmut           #######.     1%          2    None

Your spell library contained the following spells:

 Spells                   Type           Power        Failure   Level  Hunger
 Spider Form              Tmut/Pois      ######....   1%          3    None
 Ice Form                 Ice/Tmut       ######..     3%          4    #......


Dungeon Overview and Level Annotations

Branches:
Dungeon (1/1)

Altars:
Cheibriados
Dithmenos
Elyvilon
Fedhas
Gozag
Hepliaklqana
Kikubaaqudgha
Makhleb
Nemelex Xobeh
Okawaru
Qazlal
Ru
Sif Muna
Trog
Uskayaw
Vehumet
Wu Jian
Xom
Yredelemnul
Zin
The Shining One
Beogh
Jiyva
Lugonu

Shops:
D }[**


Innate Abilities, Weirdness & Mutations

You cannot wear boots.
Your serpentine skin is tough. (AC +4)
You have supernaturally acute eyesight. (SInv)
Armour fits poorly on your strangely shaped body.
Your system is resistant to poisons. (rPois)
You cover ground very slowly.
You have a slow metabolism.
You can spit poison.
You can use your snake-like lower body to constrict enemies.


Message History

Press: ? - help, Shift-Dir - straight line, f - stone giant
Aim: a stone giant (moderately wounded)
The bolt of acid hits the stone giant.
The stone giant is splashed with acid.
The acid corrodes the stone giant!
The stone giant is moderately wounded.
The bolt of acid hits the ettin!
The ettin is splashed with acid.
The acid corrodes the ettin!
The ettin is heavily wounded.
The stone giant throws a large rock.
The large rock closely misses you.
Quiver which item? (- for none, * to show all) (? for menu, Esc to quit)
Quivering
F - 5 boomerangs for throwing.
Throwing (i - inventory)
F - 5 boomerangs (quivered)
Press: ? - help, Shift-Dir - straight line, f - ettin, p - stone giant
Aim: an ettin, wielding a +1 great mace of venom and a +0 dire flail (heavily wounded, covered in acid)
You throw a boomerang.
The boomerang completely misses the stone giant.
The boomerang hits the ettin!
The ettin is severely wounded.
The stone giant throws a large rock.
The large rock hits you!!!
You die...

▓▓▓▓▓▓▓▓▓▓▓▓▓▓▓▓▓▓▓▓▓▓▓▓▓▓▓
p.).)))))(...CC)@....(....▓
▓▓▓▓▓▓▓▓▓▓▓▓▓▓▓▓▓▓▓▓▓▓▓▓▓.▓
..........................▓
▓♣♣♣♣♣♣♣♣♣♣▓▓▓▓▓▓▓▓▓▓▓▓▓▓▓▓
'††..)).†.'...............▓
▓♣♣♣♣♣♣♣♣♣♣▓▓▓▓▓▓▓▓▓▓▓▓▓▓.▓
..........................▓
▓▓▓▓▓▓▓▓▓▓▓▓▓▓▓▓▓▓▓▓▓▓▓▓▓▓▓
.[.)))))))......'.........▓


You could see a stone giant and an ettin.

Vanquished Creatures
  2 sphinxes (D)
  2 frost giants (D)
  A very ugly thing (D)
  A stone giant (D)
  An ettin (D)
  A merfolk javelineer (D)
  2 yaktaur captains (D)
  An ogre mage (D)
  A merfolk impaler (D)
  A great orb of eyes (D)
  3 rakshasas (D)
  Erica (D)
  3 centaur warriors (D)
  A satyr (shapeshifter) (D)
  2 naga sharpshooters (D)
  A shock serpent (D)
  7 orc high priests (D)
  A spriggan berserker (D)
  A hell knight (D)
  Sonja (D)
  A sea snake (D)
  A naga ritualist (D)
  A spriggan druid (D)
  A necromancer (D)
  An orc sorcerer (D)
  An orb spider (D)
  2 cyclopes (D)
  2 merfolk sirens (D)
  An elephant (D)
  A water nymph (D)
  A naga mage (D)
  4 black mambas (D)
  6 spiny frogs (D)
  A torpor snail (D)
  A demonic crawler (D)
  A yaktaur (D)
  A komodo dragon (D)
  An efreet (D)
  3 jumping spiders (D)
  3 tyrant leeches (D)
  A bog body (D)
  A blink frog (D)
  2 hippogriffs (D)
  A hornet (D)
  A slime creature (D)
  2 snapping turtles (D)
  A vampire (D)
  3 tarantellas (D)
  A yak (D)
  3 basilisks (D)
  4 vampire mosquitoes (D)
  A naga (D)
  2 water moccasins (D)
  2 porcupines (D)
  2 swamp drakes (D)
  10 orc warriors (D)
  A sky beast (D)
  A boggart (D)
  An ogre (D)
  2 crocodiles (D)
  4 bullfrogs (D)
  A scorpion (D)
  A jelly (D)
  11 orc priests (D)
  An iguana (D)
  4 orc wizards (D)
  A worker ant (D)
  2 shadow imps (D)
  An adder zombie (D)
  A leopard gecko (D)
  6 orcs (D)
  A bat skeleton (D)
  A giant cockroach (D)
  A goblin (D)
  2 quokkas (D)
  A ball python zombie (D)
  A frilled lizard (D)
  A kobold (D)
  A rat (D)
152 creatures vanquished.

Vanquished Creatures (others)
  A spriggan (D)
  A swamp drake (D)
2 creatures vanquished.

Grand Total: 154 creatures vanquished

Notes
Turn   | Place    | Note
-------+----------+-------------------------------------------
     0 | D        | night the Naga Transmuter began the quest for the Orb.
     0 | D        | Reached XP level 1. HP: 18/18 MP: 3/3
   302 | D        | Noticed a jelly
   302 | D        | Noticed an ogre
   302 | D        | Noticed a worker ant
   311 | D        | Reached skill level 4 in Unarmed Combat
   311 | D        | Reached XP level 2. HP: 22/25 MP: 5/5
   315 | D        | Reached skill level 5 in Unarmed Combat
   315 | D        | Reached XP level 3. HP: 25/31 MP: 6/6
   320 | D        | Killed an ogre
   320 | D        | Reached skill level 7 in Unarmed Combat
   320 | D        | Reached XP level 4. HP: 12/38 MP: 7/7
   321 | D        | Reached XP level 5. HP: 10/44 MP: 8/8
   690 | D        | Learned a level 5 spell: Blade Hands
   698 | D        | Found a roughly hewn altar of Beogh.
   698 | D        | Found a snail-covered altar of Cheibriados.
   698 | D        | Found a shadowy altar of Dithmenos.
   698 | D        | Found a white marble altar of Elyvilon.
   698 | D        | Found a blossoming altar of Fedhas.
   698 | D        | Found an opulent altar of Gozag.
   699 | D        | Found a hazy altar of Hepliaklqana.
   700 | D        | Found a viscous altar of Jiyva.
   701 | D        | Found an ancient bone altar of Kikubaaqudgha.
   702 | D        | Became a worshipper of Cheibriados the Contemplative
   703 | D        | Found a corrupted altar of Lugonu.
   704 | D        | Found a burning altar of Makhleb.
   705 | D        | Found a sparkling altar of Nemelex Xobeh.
   706 | D        | Found an iron altar of Okawaru.
   707 | D        | Found a stormy altar of Qazlal.
   708 | D        | Found a sacrificial altar of Ru.
   709 | D        | Found a shimmering blue altar of Sif Muna.
   710 | D        | Found a bloodstained altar of Trog.
   711 | D        | Found a hide-covered altar of Uskayaw.
   712 | D        | Found a radiant altar of Vehumet.
   713 | D        | Found an ornate altar of the Wu Jian Council.
   714 | D        | Found a shimmering altar of Xom.
   715 | D        | Found a basalt altar of Yredelemnul.
   716 | D        | Found a glowing silver altar of Zin.
   717 | D        | Found a glowing golden altar of the Shining One.
   767 | D        | Noticed a sky beast
   767 | D        | Noticed a vampire
   782 | D        | Killed a vampire
   782 | D        | Reached * piety under Cheibriados
   782 | D        | Reached skill level 9 in Unarmed Combat
   782 | D        | Reached XP level 6. HP: 16/51 MP: 9/9
   782 | D        | Reached ** piety under Cheibriados
   786 | D        | Killed a sky beast
   786 | D        | Reached skill level 10 in Unarmed Combat
   786 | D        | Reached skill level 10 in Transmutations
   807 | D        | Reached *** piety under Cheibriados
   807 | D        | Reached XP level 7. HP: 11/57 MP: 10/10
  1088 | D        | Noticed a cyclops
  1088 | D        | Noticed a hippogriff
  1092 | D        | Reached **** piety under Cheibriados
  1096 | D        | Killed a hippogriff
  1096 | D        | Reached skill level 11 in Unarmed Combat
  1099 | D        | Killed a cyclops
  1099 | D        | Reached skill level 12 in Unarmed Combat
  1099 | D        | Reached XP level 8. HP: 32/64 MP: 6/11
  1100 | D        | Reached ***** piety under Cheibriados
  1249 | D        | Learned a level 2 spell: Sticks to Snakes
  1348 | D        | Got the ring "Luneuw Namesch" {+Inv rElec rPois Int+4
                  | Slay+2}
  1364 | D        | Noticed a black mamba
  1365 | D        | Reached skill level 1 in Invocations
  1372 | D        | Killed a black mamba
  1372 | D        | Reached skill level 13 in Unarmed Combat
  1374 | D        | Noticed an elephant
  1375 | D        | Reached ****** piety under Cheibriados
  1375 | D        | Reached skill level 5 in Fighting
  1375 | D        | Reached skill level 5 in Invocations
  1375 | D        | Reached XP level 9. HP: 47/81 MP: 7/13
  1380 | D        | Killed an elephant
  1552 | D        | Noticed a spiny frog
  1552 | D        | Noticed a spiny frog
  1552 | D        | Noticed a komodo dragon
  1553 | D        | Killed a komodo dragon
  1553 | D        | Reached skill level 14 in Unarmed Combat
  1554 | D        | Killed a spiny frog
  1556 | D        | Noticed a spiny frog
  1558 | D        | Noticed a spiny frog
  1562 | D        | Reached XP level 10. HP: 57/98 MP: 10/16
  1565 | D        | Killed a spiny frog
  1566 | D        | Killed a spiny frog
  1566 | D        | Reached skill level 10 in Invocations
  1567 | D        | Killed a spiny frog
  1567 | D        | Reached skill level 15 in Unarmed Combat
  1919 | D        | Noticed a spiny frog
  1926 | D        | Reached skill level 10 in Fighting
  1928 | D        | Killed a spiny frog
  2443 | D        | Noticed an orc sorcerer
  2450 | D        | Killed an orc sorcerer
  2450 | D        | Reached skill level 16 in Unarmed Combat
  2451 | D        | Reached XP level 11. HP: 66/111 MP: 14/19
  2700 | D        | Found Sowogets's Assorted Antiques.
  2700 | D        | Noticed an orc high priest
  2700 | D        | Noticed an orc high priest
  2700 | D        | Noticed an orc high priest
  2702 | D        | Killed an orc high priest
  2702 | D        | Reached skill level 5 in Spellcasting
  2704 | D        | Noticed an orc high priest
  2706 | D        | Killed an orc high priest
  2707 | D        | Found Zilyishrunt's General Store.
  2708 | D        | Killed an orc high priest
  2716 | D        | Found Arroblo's Antique Armour Boutique.
  2718 | D        | Killed an orc high priest
  2960 | D        | Found Zattahe's Gadget Shop.
  2964 | D        | Noticed an orc high priest
  2964 | D        | Noticed an orc high priest
  2967 | D        | Noticed an orc high priest
  2969 | D        | Killed an orc high priest
  2969 | D        | Reached skill level 17 in Unarmed Combat
  2973 | D        | Killed an orc high priest
  2981 | D        | Killed an orc high priest
  3397 | D        | Bought a scroll of fog for 24 gold pieces
  3407 | D        | Bought the +4 moon troll leather armour {Spirit, Regen++
                  | MP+5} for 1253 gold pieces
  3407 | D        | Found the +4 moon troll leather armour {Spirit, Regen++
                  | MP+5}
  3602 | D        | Noticed Sonja
  3608 | D        | Killed Sonja
  3902 | D        | Noticed a centaur warrior
  3906 | D        | Reached skill level 1 in Bows
  3907 | D        | Killed a centaur warrior
  3907 | D        | Reached XP level 12. HP: 126/126 MP: 22/22
  3908 | D        | Noticed a great orb of eyes
  3911 | D        | Noticed a centaur warrior
  3913 | D        | Noticed a red very ugly thing
  3917 | D        | Killed a great orb of eyes
  3918 | D        | Noticed a sphinx
  3918 | D        | Noticed a stone giant
  3920 | D        | Killed a red very ugly thing
  3920 | D        | Reached skill level 5 in Bows
  3920 | D        | Reached skill level 18 in Unarmed Combat
  3921 | D        | Noticed an ogre mage
  3933 | D        | Killed a centaur warrior
  3947 | D        | Killed a sphinx
  3952 | D        | Killed a stone giant
  3957 | D        | Killed an ogre mage
  4033 | D        | Noticed Erica
  4037 | D        | Killed Erica
  4037 | D        | Reached skill level 19 in Unarmed Combat
  4037 | D        | Reached skill level 15 in Invocations
  4112 | D        | Noticed a spriggan rider
  4151 | D        | Gained mutation: You can use your snake-like lower body to
                  | constrict enemies. [Naga growth]
  4151 | D        | Reached XP level 13. HP: 96/134 MP: 19/24
  4231 | D        | Noticed a merfolk impaler
  4232 | D        | Noticed a merfolk javelineer
  4236 | D        | HP: 2/134 [merfolk impaler/+2 demon trident of
                  | electrocution (16)]
  4240 | D        | Killed a merfolk impaler
  4240 | D        | Killed a merfolk javelineer
  4240 | D        | Reached skill level 10 in Bows
  4371 | D        | Reached skill level 20 in Unarmed Combat
  4380 | D        | Reached skill level 15 in Fighting
  4576 | D        | Noticed a rakshasa
  4576 | D        | Noticed a frost giant
  4576 | D        | Noticed a yaktaur captain
  4576 | D        | Noticed a rakshasa
  4577 | D        | Killed a rakshasa
  4578 | D        | Noticed a ghost moth
  4578 | D        | Noticed an ice dragon
  4578 | D        | a ghost moth changed into an ice dragon
  4581 | D        | Killed a rakshasa
  4582 | D        | an ice dragon changed into a tyrant leech
  4582 | D        | Noticed a rakshasa
  4585 | D        | Killed a yaktaur captain
  4585 | D        | Reached skill level 1 in Armour
  4585 | D        | Noticed a minotaur
  4585 | D        | a tyrant leech changed into a minotaur
  4588 | D        | Noticed a storm dragon
  4588 | D        | a minotaur changed into a storm dragon
  4589 | D        | Killed a frost giant
  4590 | D        | Noticed an entropy weaver
  4590 | D        | a storm dragon changed into an entropy weaver
  4590 | D        | an entropy weaver changed into an alligator
  4591 | D        | Noticed a yaktaur captain
  4599 | D        | Killed a rakshasa
  4599 | D        | Killed a yaktaur captain
  4659 | D        | Noticed a frost giant
  4660 | D        | Noticed an ettin
  4661 | D        | Noticed a sphinx
  4665 | D        | Reached skill level 1 in Stealth
  4665 | D        | Reached XP level 14. HP: 120/147 MP: 20/26
  4666 | D        | Noticed a stone giant
  4670 | D        | Killed a frost giant
  4673 | D        | Reached skill level 5 in Dodging
  4677 | D        | Killed a sphinx
  4677 | D        | Reached skill level 5 in Stealth
  4677 | D        | Reached skill level 21 in Unarmed Combat
  4679 | D        | Hit by a large rock thrown by a stone giant

Skill      XL: |  1  2  3  4  5  6  7  8  9 10 11 12 13 14 |
---------------+-------------------------------------------+-----
Transmutations | 3 4 6 7 9 10 12 | 12.3
Unarmed Combat | 4 5 7 9 10 12 13 14 16 17 19 20 21 | 21.0
Invocations    | 5 9 11 12 15 17 18 | 18.0
Fighting       | 5 8 11 13 15 | 15.1
Spellcasting   | 4 7 |  7.2
Bows           | 2 9 11 | 11.9
Armour         | 3 4 |  4.9
Dodging        | 4 5 |  5.3
Stealth        | 1 5 |  5.7

Action                   |  1- 3 |  4- 6 |  7- 9 | 10-12 | 13-15 || total
-------------------------+-------+-------+-------+-------+-------++-------
Melee: Unarmed           |    23 |    20 |    38 |   132 |    61 ||   274
       Punch             |       |     2 |     2 |    18 |    17 ||    39
       Constrict         |       |       |       |       |    11 ||    11
 Fire: Longbow           |       |       |       |       |     2 ||     2
Throw: Boomerang         |       |       |       |       |     1 ||     1
 Cast: Blade Hands       |       |       |     3 |    16 |     5 ||    24
Invok: Slouch            |       |       |       |     3 |     8 ||    11
 Abil: Spit Poison       |     3 |     4 |       |     2 |       ||     9
       End Transformatio |       |       |       |     1 |     1 ||     2
       Evoke Invisibilit |       |       |       |       |     1 ||     1
Evoke: Wand              |       |     2 |       |       |     2 ||     4
  Use: Potion            |     1 |     1 |       |       |     5 ||     7
       Scroll            |       |       |       |     1 |     6 ||     7
 Stab: Confused          |       |       |       |     2 |       ||     2
       Invisible         |       |       |       |       |     2 ||     2
  Eat: Chunk             |       |       |     1 |     5 |     2 ||     8
       Ration            |       |       |       |     1 |       ||     1
Armor: Robe              |     1 |       |       |       |       ||     1
       Scale mail        |       |    12 |    13 |    15 |       ||    40
       Troll leather arm |       |       |       |    29 |    17 ||    46
Dodge: Dodged            |     5 |    14 |    15 |    88 |    28 ||   150
